 Dungeon Crawl Stone Soup version 0.20.0 (webtiles) character file.

120 Danakh the Shield-Bearer (level 4, -1/35 HPs)
             Began as a Demonspawn Fighter on May 29, 2017.
             Slain by a river rat (6 damage)
             ... while paralysed by Grinder
             ... on level 3 of the Dungeon.
             The game lasted 00:04:33 (1793 turns).

Danakh the Shield-Bearer (Demonspawn Fighter)       Turns: 1793, Time: 00:04:34

Health: -1/35      AC: 17    Str: 17    XL:     4   Next: 75%
Magic:  4/4        EV:  2    Int:  9    God:
Gold:   85         SH:  0    Dex: 13    Spells: 3/3 levels left

rFire    . . .     SeeInvis .   a - +0 war axe
rCold    . . .     Gourm    .   c - +0 shield
rNeg     . . .     Faith    .   e - +0 plate armour
rPois    .         Spirit   .   (helmet restricted)
rElec    .         Reflect  .   (no cloak)
rCorr    .         Harm     .   (no gloves)
MR       .....                  (no boots)
Stlth    ..........             (no amulet)
Regen    0.2/turn               (no ring)
MPRegen  0.1/turn               (no ring)

@: paralysed, sanguine armour, very slow
A: antennae 1, sanguine armour 1
a: no special abilities


You were on level 3 of the Dungeon.
You were not hungry.

You visited 1 branch of the dungeon, and saw 3 of its levels.

You collected 85 gold pieces.

Inventory:

Hand Weapons
 a - a +0 war axe (weapon)
Armour
 b - a +0 scale mail
 c - a +0 shield (worn)
 e - a +0 plate armour (worn)
Scrolls
 g - a scroll of recharging {unknown}
 j - a scroll of teleportation {unknown}
 k - a scroll of remove curse {unknown}
 l - a scroll of blinking {unknown}
 n - a scroll of enchant armour {unknown}
 o - a scroll of identify {unknown}
 p - a scroll of magic mapping {unknown}
Potions
 d - a potion of might
 i - 2 potions of agility {unknown}
 q - a potion of lignification {unknown}
Comestibles
 f - 4 bread rations
 h - 4 meat rations
 m - a royal jelly
 r - a chunk of flesh


   Skills:
 + Level 3.4 Fighting
 + Level 3.0 Axes
 + Level 3.2 Armour
 + Level 0.3 Dodging
 + Level 3.5 Shields


You had 3 spell levels left.
You didn't know any spells.

Dungeon Overview and Level Annotations

Branches:
Dungeon (3/15)

Altars:

Annotations:
D:3 Grinder


Innate Abilities, Weirdness & Mutations

You have a pair of small antennae on your head.
When seriously injured, your bleeding wounds create armour. (AC +6)


Message History

The river rat bites you but does no damage.
The leopard gecko bites you but does no damage.
Grinder blinks!
The river rat bites you but does no damage.
The leopard gecko bites you but does no damage.
Unknown command.
You barely miss the river rat.
The river rat is heavily wounded.
You miss the leopard gecko.
The leopard gecko splashes around in the water.
The river rat completely misses you. Grinder gestures at you.
You suddenly lose the ability to move!
The river rat barely misses you.
The leopard gecko bites you but does no damage.
Grinder gestures at you. Pain shoots through your body!
* * * LOW HITPOINT WARNING * * *
The river rat barely misses you. The leopard gecko barely misses you.
The river rat bites you.
You die...

.. #....<# ... #....#
.... .5..
....######.#######
..................
.........(.##########
..####...........(..#
≈####≈r##.##.########.##
≈≈≈≈≈≈≈l@5.##.# #......
≈≈####≈≈#####.# ##.#.##
#### #.# #.#.# #.# # #.#
#.# #.# #. #.# #.# ..


You could see Grinder, a river rat and a leopard gecko.

Vanquished Creatures
  Terence (D:2)
  2 adders
  An ooze (D:1)
  A worm (D:2)
  A dart slug (D:1)
  2 leopard geckos
  6 bats
  13 giant cockroaches (D:2)
  8 goblins
  3 hobgoblins
  11 jackals
  A frilled lizard (D:1)
  2 kobolds (D:1)
  6 rats
58 creatures vanquished.

Notes
Turn   | Place    | Note
-------+----------+-------------------------------------------
     0 | D:1      | Danakh the Demonspawn Fighter began the quest for the Orb.
     0 | D:1      | Reached XP level 1. HP: 18/18 MP: 1/1
   125 | D:1      | Gained mutation: You have a pair of small antennae on your head. [demonic ancestry]
   125 | D:1      | Reached XP level 2. HP: 24/24 MP: 2/2
   801 | D:2      | Reached XP level 3. HP: 26/29 MP: 3/3
  1096 | D:2      | Gained mutation: When seriously injured, your bleeding wounds create armour. (AC +6) [demonic ancestry]
  1096 | D:2      | Reached XP level 4. HP: 30/35 MP: 4/4
  1157 | D:2      | Noticed Terence
  1177 | D:2      | Killed Terence
  1764 | D:3      | Noticed Grinder
  1791 | D:3      | Paralysed by Grinder for 6 turns
  1793 | D:3      | Slain by a river rat

Skill      XL: |  1  2  3  4 |
---------------+-------------+-----
Shields        | 3 |  3.5
Axes           | 2 3 |  3.0
Armour         | 3 |  3.2
Fighting       | |  3.4
Dodging        | |  0.3

Action                   |  1- 3 |  4- 6 || total
-------------------------+-------+-------++-------
Melee: War axe           |   134 |    59 ||   193
  Eat: Chunk             |     1 |     2 ||     3
Armor: Scale mail        |     6 |       ||     6
       Plate armour      |   132 |    61 ||   193
Dodge: Dodged            |    17 |    11 ||    28
Block: Shield            |   101 |    27 ||   128
